 Dungeon Crawl Stone Soup version 0.30-b1-2-g02819fbbbe (webtiles) character file.

Game seed: 13369198955355471945

91 Borgoz the Ruffian (level 4, -1/38 HPs)
             Began as a Ghoul Gladiator on June 22, 2023.
             Slain by Grinder (5 damage)
             ... on level 3 of the Dungeon.
             The game lasted 00:01:55 (2151 turns).

Borgoz the Ruffian (Ghoul Gladiator)                Turns: 2151, Time: 00:01:55

Health: -1/38      AC:  4    Str: 17    XL:     4   Next: 57%
Magic:  3/3        EV: 12    Int:  3    God:
Gold:   80         SH:  0    Dex: 12    Spells: 3/3 levels left

rFire   . .          .
                       - Unarmed
rCold   + . .        (no shield)
rNeg    + + +        a - +0 leather armour
rPois   ∞            b - +0 helmet
rElec   .            (no cloak)
rCorr   .            (no gloves)
SInv    .            (no boots)
Will    .....        (no amulet)
Stlth   +            (no ring)
HPRegen 0.00/turn    (no ring)
MPRegen 0.08/turn

%: no passive effects
@: inhibited regen
A: claws 1, cold resistance 1, negative energy resistance 3, inhibited
regeneration, torment resistance 2, devour on kill
a: no special abilities


You were on level 3 of the Dungeon.
You visited 1 branch of the dungeon, and saw 3 of its levels.

You collected 80 gold pieces.

Inventory:

Missiles
 c - 3 throwing nets (quivered)
 d - 5 javelins
Armour
 a - a +0 leather armour (worn)
 b - a +0 helmet (worn)
 f - a +0 ring mail
Jewellery
 j - an amulet of magic regeneration
 k - an amulet of reflection
Scrolls
 e - 3 scrolls of identify {unknown}
 g - 2 scrolls of poison {unknown}
 i - 2 scrolls of teleportation {unknown}
 l - 3 scrolls of summoning {unknown}


   Skills:
 + Level 3.2 Fighting
 - Level 1.7 Throwing
 + Level 1.6 Armour
 + Level 3.3 Dodging
 + Level 4.0 Unarmed Combat


You had 3 spell levels left.
You didn't know any spells.
Your spell library was empty.

Dungeon Overview and Level Annotations

Branches:
Dungeon (3/15)

Altars:
Wu Jian

Annotations:
D:3 Grinder


Innate Abilities, Weirdness & Mutations

You are immune to poison.
You have sharp fingernails.
Your flesh is cold resistant. (rC+)
You are immune to negative energy. (rN+++)
You do not regenerate when monsters are visible.
You are immune to unholy pain and torment.
You thrive by killing the living.


Message History

You claw the bat!
You kill the bat!
It was a potion of lignification.
You feel woody for a moment.
You scratch Grinder.
Grinder is lightly wounded.
Grinder says, "Don't move a muscle."
Grinder hits you.
You scratch Grinder.
Grinder is lightly wounded.
Grinder closely misses you.
You scratch Grinder.
Grinder is moderately wounded.
Grinder says, "There's only one good use for a tongue: cutting it out."
Grinder hits you.
You barely miss Grinder.
Grinder is moderately wounded.
Grinder gestures at you.
You suddenly lose the ability to move!
Grinder hits you. x3
Grinder gestures at you. You resist with significant effort.
You can move again.
You scratch Grinder.
Grinder is moderately wounded.
You scratch Grinder but do no damage.
Grinder is moderately wounded.
Grinder hits you!
* * * LOW HITPOINT WARNING * * *
You claw Grinder!
Grinder is heavily wounded.
Grinder hits you but does no damage.
You barely miss Grinder.
Grinder is heavily wounded.
Grinder says, "What is the universe for?"
Grinder hits you!
* * * LOW HITPOINT WARNING * * *
You scratch Grinder but do no damage.
Grinder is heavily wounded.
Grinder hits you.
You die...

#.#
#.#
#.#
#.#
#.#
#.#
#.#
#5#
#@#
#<#
#.#
#.#
#.#
##.#
#).#
#.##
#.#


You could see Grinder.

Vanquished Creatures
  An orc priest (D:2)
  2 adders (D:2)
  A worm (D:2)
  3 orcs (D:2)
  4 ball pythons
  3 endoplasms
  2 giant cockroaches (D:1)
  4 goblins
  3 kobolds
  2 quokkas (D:2)
  4 bats
  2 frilled lizards (D:2)
  9 rats
40 creatures vanquished.

Notes
Turn   | Place    | Note
-------+----------+-------------------------------------------
     0 | D:1      | Borgoz the Ghoul Gladiator began the quest for the Orb.
     0 | D:1      | Reached XP level 1. HP: 17/17 MP: 0/0
   296 | D:1      | Reached XP level 2. HP: 25/25 MP: 1/1
  1021 | D:2      | Reached skill level 1 in Armour
  1021 | D:2      | Reached XP level 3. HP: 21/30 MP: 2/2
  1102 | D:2      | Found an ornate altar of the Wu Jian Council.
  1784 | D:3      | Noticed Grinder
  1918 | D:2      | Reached XP level 4. HP: 34/38 MP: 3/3
  2049 | D:2      | Reached skill level 4 in Unarmed Combat
  2142 | D:3      | Paralysed by Grinder for 4 turns
  2151 | D:3      | Slain by Grinder

Illustrated notes

Levels and vault maps discovered:
D:1:      minmay_arrival_up_and_down, layout_basic
D:2:      layout_basic, basic_altar, kennysheep_generic_room_12
D:3:      minmay_inner_zag, layout_loops_ring, tgw_kikubaaqudgha,
          nicolae_qazlal_beasts_of_the_sky, pdpol_wu_jian_five_deadly_venoms,
          small_statue_intersection, uniq_terence, uniq_grinder

Skill      XL: |  1  2  3  4 |
---------------+-------------+-----
Armour         | 1 |  1.6
Dodging        | 3 |  3.3
Fighting       | 3 |  3.2
Unarmed Combat | 4 |  4.0
Throwing       | |  1.7

Action                     |  1- 3 |  4- 6 || total
---------------------------+-------+-------++-------
  Melee: Unarmed           |   120 |    31 ||   151
         Punch             |     2 |       ||     2
    Use: Potion            |       |     1 ||     1
 Armour: Leather armour    |    28 |    11 ||    39
  Dodge: Dodged            |    78 |    13 ||    91
